 Dungeon Crawl Stone Soup version 0.29-a0-789-g7a8fcbc185 (webtiles) character file.

Game seed: 13281829379377163616

110908 ytrimaz the Warrior (level 16, -3/139 HPs)
             Began as a Demonspawn Berserker on July 2, 2022.
             Was an Elder of Trog.
             Slain by a naga warrior
             ... wielding a +0 trident
              (33 damage)
             ... on level 1 of the Snake Pit.
             The game lasted 00:46:07 (23225 turns).

ytrimaz the Warrior (Demonspawn Berserker)         Turns: 23225, Time: 00:46:07

Health: -3/139     AC: 25    Str: 27    XL:     16   Next: 8%
Magic:  16/16      EV: 10    Int:  9    God:    Trog [****..]
Gold:   1868       SH: 17    Dex: 23    Spells: 15/15 levels left

rFire   + + .      SeeInvis .   a - +1 war axe "Bung" {venom, Dex+3}
rCold   + + .      Faith    .   b - +2 shield of Resistance {rF++ rC++ Will++}
rNeg    . . .      Spirit   .   n - +4 scale mail {rPois}
rPois   +          Reflect  .   U - +1 helmet
rElec   .          Harm     .   d - +0 cloak
rCorr   +          Rampage  .   G - +0 pair of gloves
Will    +++++                   H - +1 pair of boots of Grottiness {rCorr Str+3}
Stlth   +.........              t - amulet of regeneration
HPRegen 2.13/turn               I - +6 ring of dexterity
MPRegen 0.15/turn               y - +4 ring of protection

@: strong-willed, regenerating
A: slimy green scales 2, demonic guardian 2, spiny 3, weakness stinger 2
a: Renounce Religion, Berserk, Trog's Hand, Brothers in Arms


You were on level 1 of the Snake Pit.
You worshipped Trog.
Trog was greatly pleased with you.
You visited 4 branches of the dungeon, and saw 24 of its levels.
You also visited: Gauntlet and Ice Cave.

You collected 2495 gold pieces.
You spent 627 gold pieces at shops.

Inventory:

Hand Weapons
 a - the +1 war axe "Bung" (weapon) {venom, Dex+3}
   (You found it on level 14 of the Dungeon)

   It poisons the flesh of those it strikes.
   Dex:       It affects your dexterity (+3).
 m - a +1 broad axe of freezing
 P - a +1 hand axe of venom
 V - a +5 war axe of flaming
 Z - a +0 broad axe
Armour
 b - the +2 shield of Resistance (worn) {rF++ rC++ Will++}
   (You acquired it on level 7 of the Dungeon)

   rF:        It greatly protects you from fire.
   rC:        It greatly protects you from cold.
   Will:      It greatly increases your willpower.
 d - a +0 cloak (worn)
 n - a +4 scale mail of poison resistance (worn)
 v - the +2 pair of gloves of Duty {rC+ Dex+4}
   (You found it on level 1 of the Snake Pit)

   Dex:       It affects your dexterity (+4).
   rC:        It protects you from cold.
 C - a +0 plate armour
 G - a +0 pair of gloves (worn)
 H - the +1 pair of boots of Grottiness (worn) {rCorr Str+3}
   (You bought it in a shop on level 2 of the Orcish Mines)

   Str:       It affects your strength (+3).
   rCorr:     It protects you from acid and corrosion.
 S - quicksilver dragon scales
 U - a +1 helmet (worn)
Jewellery
 j - a ring of see invisible
 t - an amulet of regeneration (around neck)
 x - a ring of positive energy
 y - a +4 ring of protection (right hand)
 I - a +6 ring of dexterity (left hand)
 M - a +6 ring of intelligence
Wands
 l - a wand of polymorph (31)
 K - a wand of flame (24)
 L - a wand of paralysis (12)
 O - a wand of digging (17)
 Q - a wand of mindburst (2)
 R - a wand of quicksilver (16)
 T - a wand of roots (14)
Scrolls
 e - 2 scrolls of fear
 i - a scroll of brand weapon
 k - 6 scrolls of enchant weapon
 o - 4 scrolls of poison
 p - 5 scrolls of blinking
 q - 8 scrolls of teleportation
 u - a scroll of summoning
 D - a scroll of magic mapping
 E - a scroll of enchant armour
 N - 4 scrolls of fog
Potions
 f - 4 potions of might
 g - 3 potions of flight
 h - 6 potions of mutation
 r - 4 potions of magic
 s - 3 potions of attraction
 w - 3 potions of lignification
 z - a potion of berserk rage
 A - 9 potions of curing
 B - a potion of invisibility
 F - 2 potions of cancellation
 J - 3 potions of resistance
 W - 7 potions of ambrosia
 Y - a potion of haste


   Skills:
 - Level 16.3 Fighting
 + Level 16.3 Axes
 * Level 6.1 Armour
 - Level 1.7 Dodging
 - Level 15.0 Shields


You had 15 spell levels left.
You didn't know any spells.
Your spell library was empty.

Dungeon Overview and Level Annotations

Branches:
Dungeon (15/15)            Temple (0/1) D:4            Lair (6/6) D:11
 Shoals (0/4) Lair:3        Snake (1/4) Lair:3        Slime (0/5) Lair:6
    Orc (2/2) D:10            Elf (0/3) Orc:2        Vaults (0/5) D:13
 Depths (0/4) D:15          IceCv (visited)         Gauntlet (visited)

Altars:
Ashenzari
Dithmenos
Kikubaaqudgha
Makhleb
Okawaru
Qazlal
Uskayaw
Yredelemnul
Jiyva

Shops:
D:10 *   Orc:2 ([([

Annotations:
D:11 exclusion: 4 doors
D:14 1 runed translucent door, seaofthunder's ghost, journeyman HOFi


Innate Abilities, Weirdness & Mutations

You are mostly covered in slimy green scales. (AC +3)
A demonic guardian rushes to your aid.
You are completely covered in sharp spines.
You have a tail ending in a sharp stinger.


Message History

The naga mage looks as sick as possible!
The naga mage is almost dead.
You hit the naga warrior but do no damage.
You hit the naga sharpshooter but do no damage.
The naga warrior hits you from afar with a +0 trident!!
* * * LOW HITPOINT WARNING * * *
The naga warrior hits you with a +0 glaive!!
* * * LOW HITPOINT WARNING * * *
The naga sharpshooter mumbles some strange words.
The naga sharpshooter magically shoots an arrow.
You block the arrow.
The naga mage casts a spell at the naga warrior.
The naga warrior seems to grow toxic.
The naga barely misses you.
Unknown command.
You feel much better.
Your sixfirhy misses the naga mage. x2
You block the naga mage's attack. You block the naga warrior's attack.
The naga spits poison at you.
The splash of poison hits you but does no damage.
You resist.
The naga warrior hits you with a +0 glaive!
* * * LOW HITPOINT WARNING * * *
Your sixfirhy hits the naga mage.
The naga mage dies!
Trog accepts your kill.
Trog appreciates your killing of a magic user.
The naga sharpshooter shoots an arrow.
You block the arrow.
The naga hits you from afar with a +0 halberd.
* * * LOW HITPOINT WARNING * * *
Unknown command.
As you read the scroll of fear, it crumbles to dust.
You assume a fearsome visage.
The naga resists with some effort.
The naga sharpshooter looks frightened!
The naga resists with some effort.
The naga warrior resists with almost no effort.
The naga warrior looks frightened!
Your sixfirhy hits the naga warrior but does no damage.
Your sixfirhy hits the naga warrior.
Your sixfirhy shocks the naga warrior!
Your sixfirhy's attack snaps the naga warrior out of its fear.
Your sixfirhy hits the naga warrior!
Your sixfirhy shocks the naga warrior!
The naga warrior hits you from afar with a +0 trident!!
You die...

#..$... ##
##....... ###.
##........
#...##.........
...#...........
###.....NN.....
###..[....N......
#........@.......
..$....†)N....N..
...$...<3........
.................
.................
.................
.....).)....##...
...........## #..
..........## .


You could see 2 naga warriors, a naga sharpshooter (strong, fleeing, catching
breath, ally target), 2 nagas and a friendly sixfirhy (summoned).

Vanquished Creatures
  Agnes (Lair:3)
  An orc warlord (Orc:2)
  3 very ugly things
  A dire elephant (Gauntlet)
  A minotaur (Gauntlet)
  Josephine (D:10)
  A vault guard (D:13)
  3 boulder beetles
  2 anacondas (Snake:1)
  6 hydras
  A caustic shrike simulacrum (IceCv)
  7 centaur warriors
  8 two-headed ogres
  An ogre mage (D:15)
  2 tengu warriors (D:15)
  2 catoblepae
  12 death yaks (Lair:6)
  Urug (D:10)
  3 orc high priests (Orc:2)
  A glowing orange brain (D:15)
  A deep elf archer (D:15)
  A deep elf zephyrmancer (D:14)
  2 wizards (D:10)
  4 orc knights
  A mana viper (Lair:3)
  3 deep elf pyromancers (D:14)
  23 ugly things
  A lindwurm (Lair:6)
  2 orc sorcerers (Orc:2)
  A mana viper (shapeshifter) (D:14)
  16 elephants
  8 cyclopes
  12 black mambas
  A naga mage (Lair:3)
  A cane toad (shapeshifter) (D:15)
  2 gargoyles (Gauntlet)
  Maggie (D:7)
  An unseen horror (D:11)
  14 cane toads
  A kobold demonologist (D:9)
  3 torpor snails
  2 freezing wraiths (D:14)
  3 komodo dragons
  An anaconda simulacrum (IceCv)
  3 rime drakes
  A golden dragon simulacrum (IceCv)
  A burning bush (Lair:4)
  3 meliai
  A queen bee (Gauntlet)
  7 trolls
  A polar bear (Lair:6)
  A meliai (shapeshifter) (D:14)
  7 dream sheep
  A hornet (D:11)
  6 slime creatures
  11 blink frogs
  4 vampires
  37 yaks
  9 wraiths
  2 dire elephant simulacra (IceCv)
  A yak (shapeshifter) (D:15)
  Grum (D:10)
  5 wyverns
  A steam dragon (D:10)
  10 basilisks
  6 vampire mosquitoes
  2 wargs (Orc:2)
  Menkaure (D:7)
  2 nagas (Lair:3)
  2 acid dragons
  15 water moccasins
  25 orc warriors
  An ice beast (D:5)
  4 black bears
  2 alligator simulacra (IceCv)
  5 ogres
  14 wolves
  9 centaurs
  2 phantoms
  2 kobold brigands (D:11)
  8 bullfrogs
  2 necrophages
  A gnoll sergeant (D:8)
  5 scorpions
  4 wights (D:8)
  37 killer bees
  A lindwurm simulacrum (IceCv)
  5 howler monkeys
  2 electric eels (Lair:1)
  3 hounds
  5 jellies
  A bouda (Lair:2)
  19 orc priests
  22 orc wizards
  An iguana (D:4)
  A hell rat (Lair:6)
  5 adders
  11 gnolls
  A shadow imp (D:5)
  An ufetubus (D:5)
  A worm (D:2)
  A dart slug (D:4)
  100 orcs
  6 bats
  13 endoplasms
  3 giant cockroaches
  6 goblins
  8 hobgoblins
  7 jackals
  15 kobolds
  5 quokkas
  9 ball pythons
  A frilled lizard (D:1)
  7 rats
685 creatures vanquished.

Vanquished Creatures (collateral kills)
  3 vault guards (D:13)
  A centaur warrior (D:14)
  A lindwurm (Lair:6)
  2 ugly things (D:15)
  2 naga magi (Snake:1)
  A cane toad (Lair:6)
  An efreet (D:13)
  A rime drake (Lair:6)
  A queen bee (Lair:6)
  3 meliai
  A slime creature (D:14)
  An acid dragon (D:13)
  An orc warrior (Orc:2)
  A centaur (D:14)
20 creatures vanquished.

Vanquished Creatures (others)
  A very ugly thing (IceCv)
  An ugly thing (D:15)
  A human (D:7)
  An orc priest (Orc:2)
  A bush (Lair:6)
  22 fungi
  41 plants
68 creatures vanquished.

Grand Total: 773 creatures vanquished

Notes
Turn   | Place    | Note
-------+----------+-------------------------------------------
     0 | D:1      | ytrimaz the Demonspawn Berserker began the quest for the
                  | Orb.
     0 | D:1      | Reached XP level 1. HP: 18/18 MP: 1/1
   287 | D:1      | Gained mutation: You are partially covered in sharp spines.
                  | [demonic ancestry]
   287 | D:1      | Reached XP level 2. HP: 23/24 MP: 2/2
  1105 | D:2      | Reached XP level 3. HP: 21/29 MP: 3/3
  1350 | D:2      | Reached ** piety under Trog
  1450 | D:2      | Reached XP level 4. HP: 37/37 MP: 4/4
  2329 | D:3      | Found a basalt altar of Yredelemnul.
  2329 | D:3      | Found a shadowy altar of Dithmenos.
  2337 | D:3      | Found a faded altar of an unknown god.
  2339 | D:3      | Found a broken altar of Ashenzari.
  2341 | D:3      | Found a faded altar of an unknown god.
  2739 | D:3      | Reached XP level 5. HP: 22/42 MP: 5/5
  2928 | D:3      | Found a faded altar of an unknown god.
  3192 | D:4      | Noticed a phantom
  3214 | D:4      | Killed a phantom
  3215 | D:4      | Reached skill level 5 in Axes
  3215 | D:4      | Gained mutation: You have a small tail. [demonic ancestry]
  3215 | D:4      | Reached XP level 6. HP: 29/49 MP: 6/6
  3875 | D:4      | Found a staircase to the Ecumenical Temple.
  4364 | D:5      | Entered Level 5 of the Dungeon
  4721 | D:5      | Reached skill level 5 in Fighting
  4824 | D:5      | Noticed an ice beast
  4833 | D:5      | Killed an ice beast
  4834 | D:5      | Gained mutation: You have a tail ending in a sharp stinger.
                  | [demonic ancestry]
  4834 | D:5      | Reached XP level 7. HP: 56/56 MP: 7/7
  5202 | D:6      | Found a stormy altar of Qazlal.
  5447 | D:6      | Reached XP level 8. HP: 64/64 MP: 8/8
  5585 | D:6      | Found a burning altar of Makhleb.
  5682 | D:6      | You fall into a shaft and drop 2 floors!
  6315 | D:7      | Identified the +2 leather armour of Huhadghir {rF+ Dex+3
                  | SInv}
  6316 | D:7      | Identified the +7 spear of the Puffball {vorpal, rF++}
  6496 | D:7      | Reached *** piety under Trog
  6511 | D:7      | Noticed Maggie
  6516 | D:7      | Reached XP level 9. HP: 70/72 MP: 9/9
  6531 | D:7      | Killed Maggie
  6721 | D:7      | Noticed Menkaure
  6729 | D:7      | Killed Menkaure
  6730 | D:7      | Reached skill level 10 in Axes
  6860 | D:7      | Found an ancient bone altar of Kikubaaqudgha.
  7057 | D:7      | Identified a scroll of acquirement
  7058 | D:7      | Acquired the +2 shield of Resistance {rF++ rC++ Will++}
  7058 | D:7      | Found the +2 shield of Resistance {rF++ rC++ Will++}
  7397 | D:8      | Reached skill level 1 in Shields
  7752 | D:8      | Gained mutation: You are partially covered in slimy green
                  | scales. (AC +2) [demonic ancestry]
  7752 | D:8      | Reached XP level 10. HP: 51/81 MP: 10/10
  8167 | D:9      | Found an iron altar of Okawaru.
  8199 | D:9      | Noticed an orange demon
  8201 | D:9      | Noticed a sun demon
  8209 | D:9      | Noticed a sixfirhy
  8210 | D:9      | Noticed a rust devil
  8255 | D:9      | Noticed a rust devil
  8720 | D:9      | Reached skill level 5 in Shields
  8874 | D:10     | Entered Level 10 of the Dungeon
  8938 | D:10     | Noticed Grum
  8952 | D:10     | Killed Grum
  9021 | D:10     | Noticed a red ugly thing
  9021 | D:10     | Noticed a purple ugly thing
  9026 | D:10     | Noticed a cyan ugly thing
  9027 | D:10     | Noticed a cyan ugly thing
  9027 | D:10     | Noticed a green ugly thing
  9030 | D:10     | Noticed a cyan ugly thing
  9058 | D:10     | Killed a cyan ugly thing
  9064 | D:10     | Noticed Urug
  9065 | D:10     | Noticed a two-headed ogre
  9105 | D:10     | Killed a two-headed ogre
  9112 | D:10     | Killed Urug
  9113 | D:10     | Reached XP level 11. HP: 89/89 MP: 11/11
  9230 | D:10     | Killed a red ugly thing
  9243 | D:10     | Killed a cyan ugly thing
  9251 | D:10     | Killed a green ugly thing
  9259 | D:10     | Killed a cyan ugly thing
  9271 | D:10     | Killed a brown ugly thing
  9339 | D:10     | Noticed a white very ugly thing
  9339 | D:10     | Noticed a wizard
  9357 | D:10     | Killed a white very ugly thing
  9362 | D:10     | Killed a wizard
  9513 | D:10     | Noticed a wizard
  9519 | D:10     | Killed a wizard
  9528 | D:10     | Identified the +1 robe "Lyeppul" {Rampage rPois Str+3
                  | Int-5}
  9529 | D:10     | Identified the +2 leather armour of Jethrayma {Drain rPois
                  | rN+ Regen+}
  9699 | D:10     | Noticed a two-headed ogre
  9721 | D:10     | Killed a two-headed ogre
  9763 | D:10     | Found Cuddege's Overcharged Wands.
  9775 | D:10     | Noticed Josephine
  9795 | D:10     | Killed Josephine
 10009 | D:10     | Found a staircase to the Orcish Mines.
 10335 | D:10     | Found a hide-covered altar of Uskayaw.
 10435 | D:11     | Found a staircase to the Lair.
 10462 | D:11     | Reached skill level 10 in Fighting
 10462 | D:11     | Gained mutation: You are mostly covered in sharp spines.
                  | [demonic ancestry]
 10462 | D:11     | Reached XP level 12. HP: 68/97 MP: 12/12
 10561 | D:11     | Noticed a six-headed hydra
 10652 | D:11     | Reached skill level 10 in Shields
 11217 | Lair:1   | Entered Level 1 of the Lair of Beasts
 12850 | Lair:2   | Noticed a catoblepas
 12867 | Lair:2   | Killed a catoblepas
 13751 | Lair:3   | Found a staircase to the Snake Pit.
 13761 | Lair:3   | Gained mutation: You are completely covered in sharp
                  | spines. [demonic ancestry]
 13761 | Lair:3   | Reached XP level 13. HP: 98/105 MP: 13/13
 13833 | Lair:3   | You fall into a shaft and drop 2 floors!
 13836 | Lair:5   | Reached **** piety under Trog
 14715 | Lair:6   | Entered Level 6 of the Lair of Beasts
 14906 | Lair:6   | Found a gate leading to a gauntlet.
 14921 | Gauntlet | Entered a Gauntlet
 14921 | Gauntlet | Found a transporter.
 14937 | Gauntlet | Found a transporter.
 14939 | Gauntlet | Found a transporter.
 14950 | Gauntlet | Found a transporter.
 14953 | Gauntlet | Found a transporter.
 14965 | Gauntlet | Found a transporter.
 14979 | Gauntlet | Found a runed translucent door.
 14980 | Gauntlet | Found a transporter.
 14982 | Gauntlet | Noticed a quicksilver ooze
 14991 | Gauntlet | Found a transporter.
 15002 | Gauntlet | Found a transporter.
 15002 | Gauntlet | Noticed a dire elephant
 15019 | Gauntlet | Found a transporter.
 15033 | Gauntlet | Found a transporter.
 15033 | Gauntlet | Found a transporter.
 15080 | Gauntlet | Found a runed translucent door.
 15085 | Gauntlet | Found a transporter.
 15085 | Gauntlet | Found a transporter.
 15368 | Gauntlet | Killed a dire elephant
 15369 | Gauntlet | Identified the ring "Zaic" {Fly Int+3}
 15388 | Gauntlet | Noticed a minotaur
 15398 | Gauntlet | Killed a minotaur
 15440 | Gauntlet | Identified the +0 robe of Yfali Wotwu {rC+ Int+3 Stlth+}
 15593 | Lair:6   | Found a viscous altar of Jiyva.
 15594 | Lair:6   | Found a staircase to the Slime Pits.
 16036 | Lair:6   | Gained mutation: A weak demonic guardian rushes to your
                  | aid. [demonic ancestry]
 16036 | Lair:6   | Reached XP level 14. HP: 95/115 MP: 14/14
 16557 | Lair:6   | Reached skill level 15 in Shields
 17936 | Lair:3   | Found a staircase to the Shoals.
 18175 | Orc:1    | Entered Level 1 of the Orcish Mines
 18587 | Orc:2    | Entered Level 2 of the Orcish Mines
 18667 | Orc:2    | Found Etamm's Weapon Emporium.
 18870 | Orc:2    | Found a staircase to the Elven Halls.
 18965 | Orc:2    | Reached ***** piety under Trog
 19267 | Orc:2    | Noticed an orc warlord
 19299 | Orc:2    | Killed an orc warlord
 19305 | Orc:2    | Reached skill level 15 in Fighting
 19410 | Orc:2    | Found Hewkor's Antique Armour Shoppe.
 19414 | Orc:2    | Found Voemuk's Antique Weapon Emporium.
 19419 | Orc:2    | Bought an ancient ring mail for 189 gold pieces
 19419 | Orc:2    | Identified the +2 ring mail "Apleny" {MP+9 Int-3 Slay+2
                  | Stlth+} (You bought it in a shop on level 2 of the Orcish
                  | Mines)
 19697 | Orc:2    | Found Xeirol's Armour Shop.
 19712 | Orc:2    | Bought the +1 pair of boots of Grottiness {rCorr Str+3} for
                  | 312 gold pieces
 19722 | Orc:2    | Bought a +1 helmet for 126 gold pieces
 20052 | Orc:1    | Acquired a +1 broad axe of freezing
 20798 | D:13     | Found a gate to the Vaults.
 20821 | D:13     | Gained mutation: A demonic guardian rushes to your aid.
                  | [demonic ancestry]
 20821 | D:13     | Reached XP level 15. HP: 130/130 MP: 15/15
 20832 | D:13     | Received a gift from Trog
 21441 | D:14     | Identified the +1 war axe "Bung" {venom, Dex+3}
 22033 | D:14     | Found a runed translucent door.
 22034 | D:14     | Identified the +8 spear "Fiah" {freeze, rF++}
 22035 | D:14     | Noticed seaofthunder's ghost (journeyman HOFi)
 22075 | D:15     | Entered Level 15 of the Dungeon
 22107 | D:15     | Reached skill level 15 in Axes
 22159 | D:15     | Identified the +5 morningstar of the Thirteen Lives
                  | {antimagic, rN+ rCorr Stlth+}
 22204 | D:15     | Found a frozen archway.
 22232 | IceCv    | Entered an ice cave
 22239 | IceCv    | Reached skill level 5 in Armour
 22241 | IceCv    | Received a gift from Trog
 22272 | IceCv    | Found a transporter.
 22279 | IceCv    | Found a transporter.
 22527 | D:15     | Found a staircase to the Depths.
 23005 | Snake:1  | Entered Level 1 of the Snake Pit
 23007 | Snake:1  | Identified the +2 pair of gloves of Duty {rC+ Dex+4}
 23009 | Snake:1  | Noticed Agnes
 23028 | Lair:3   | Killed Agnes
 23029 | Lair:3   | Gained mutation: You are mostly covered in slimy green
                  | scales. (AC +3) [demonic ancestry]
 23029 | Lair:3   | Reached XP level 16. HP: 111/139 MP: 7/16
 23225 | Snake:1  | Slain by a naga warrior

Illustrated notes

Levels and vault maps discovered:
D:1:      scummos_arrival_gate, layout_basic
D:2:      layout_basic
D:3:      layout_basic, chequers_temple_overflow_minitemple,
          shapermc_ecumenical_altar_mp_highgroup
D:4:      layout_loops_ring, minmay_temple_entry_junction
D:5:      layout_loops_ring
D:6:      layout_basic, mainiacjoe_overflow_small_starburst,
          nicolae_qazlal_scattered_showers
D:7:      layout_loops_corners, tgw_kikubaaqudgha, uniq_maggie, uniq_menkaure
D:8:      layout_loops_corners, kennysheep_generic_room_7
D:9:      layout_loops_ring, kennysheep_okawaru_gauntlet, minivault_10,
          solitary_fountain
D:10:     cheibrodos_breeding_chamber, layout_basic,
          gammafunk_temple_overflow_elements, hiddenorc2_lemuel,
          nicolae_shop_overcharged_wands, uniq_josephine, uniq_grum, uniq_urug
D:11:     layout_irregular_city, lair_entry_dummy, serial_rivers,
          chequers_serial_rivers_marsh, chequers_serial_rivers_marsh,
          chequers_serial_rivers_micro_b, chequers_serial_rivers_small_a,
          minivault_1
D:12:     layout_loops_cross
D:13:     layout_rooms, lightli_vaults_fourway_checkpoint,
          chequers_serial_rivers_micro_d
D:14:     cheibrodos_fzero, layout_basic, ebering_ghost_funeral_grove,
          grunt_ministairs_9
D:15:     gammafunk_enter_depths_forms, layout_basic,
          portal_ice_cave_entry_pillars_three
Lair:1:   layout_cellular_growth, beast_lair_carwin_10, serial_bayou_shore_a
Lair:2:   layout_layer_cave, chequers_serial_rivers_large_a,
          nicolae_lair_lil_pond, dreamdust_gnoll_shepherd, grunt_megastairs_3
Lair:3:   layout_regular_city, shoals_dummy_entry,
          minmay_snake_entry_six_corridors
Lair:4:   layout_small_grid, evilmike_ambush [evilmike_ambush_outer_doors,
          evilmike_ambush_inner_basic], lemuel_fruit_tree
Lair:5:   layout_gridlike
Lair:6:   hangedman_lair_in_review, layout_cave_pods, slime_entry_1,
          gauntlet_entry_generic, special_room [special_room_bee]
Snake:1:  layout_layer_cave, grunt_megastairs_2, uniq_agnes
Orc:1:    cheibrodos_orc_arena, layout_caves
Orc:2:    grunt_orc_community_town_hall, layout_diamond_mine,
          grunt_orc_community_big_house_1, grunt_orc_community_big_house_2,
          grunt_orc_community_house_1, grunt_orc_community_house_1,
          grunt_orc_community_house_3, grunt_orc_community_house_2

Skill      XL: |  1  2  3  4  5  6  7  8  9 10 11 12 13 14 15 16 |
---------------+-------------------------------------------------+-----
Axes           | 3 4 5 6 7 9 11 12 13 14 16 | 16.3
Fighting       | 4 5 6 7 8 9 10 12 15 16 | 16.3
Shields        | 2 7 9 11 14 15 | 15.0
Armour         | 5 6 |  6.1
Dodging        | |  1.7

Action                   |  1- 3 |  4- 6 |  7- 9 | 10-12 | 13-15 | 16-18 || total
-------------------------+-------+-------+-------+-------+-------+-------++-------
Melee: Hand axe          |    76 |   125 |   256 |   544 |   238 |       ||  1239
       Tailslap          |       |     8 |    56 |   138 |   199 |     5 ||   406
       Punch             |       |     2 |     2 |       |       |       ||     4
       War axe           |       |       |       |   150 |   425 |    20 ||   595
       Broad axe         |       |       |       |       |   291 |       ||   291
Invok: Trog's Hand       |       |     3 |    13 |    19 |    32 |     2 ||    69
       Berserk           |       |     3 |     4 |     5 |    13 |       ||    25
  Use: Scroll            |     5 |     7 |     3 |    16 |     7 |     1 ||    39
       Potion            |       |       |       |       |     7 |     1 ||     8
 Stab: Sleeping          |     1 |     5 |     1 |       |     1 |       ||     8
       Petrified         |       |       |       |     5 |       |       ||     5
       Petrifying        |       |       |       |     1 |       |       ||     1
       Invisible         |       |       |       |       |     8 |       ||     8
       Distracted        |       |       |       |       |     2 |       ||     2
Armor: Animal skin       |    15 |    31 |    22 |       |       |       ||    68
       Plate armour      |       |       |    14 |   272 |    78 |       ||   364
       Leather armour    |       |       |    36 |     4 |       |       ||    40
       Quicksilver drago |       |       |       |       |   289 |       ||   289
       Scale mail        |       |       |       |       |     7 |    31 ||    38
Dodge: Dodged            |    35 |    79 |   129 |    95 |   277 |     7 ||   622
Block: Kite shield       |       |       |    58 |   437 |   832 |    38 ||  1365

Table legend: (Time is in decaauts)
 A = Elapsed time spent in this place.
 B = Non-inter-level travel time spent in this place.
 C = Inter-level travel time spent in this place.
 D = Time resting spent in this place.
 E = Time spent auto-exploring this place.
 F = Levels seen in this place.
 G = Mean time per level.
                   A        B        C        D        E       F      G
               +--------+--------+--------+--------+--------+-----+--------+
         Total |  23309 |  22261 |   1048 |   1573 |  15449 |  26 |  896.5 |
       Dungeon |  14172 |  13469 |    703 |    889 |   9528 |  15 |  944.8 |
          Lair |   6591 |   6327 |    264 |    385 |   4611 |   6 | 1098.5 |
     Snake Pit |     51 |     51 |      0 |      0 |      0 |   1 |   51.0 |
  Orcish Mines |   1859 |   1779 |     80 |    218 |   1089 |   2 |  929.5 |
      Ice Cave |     65 |     65 |      0 |     21 |      0 |   1 |   65.0 |
      Gauntlet |    568 |    568 |      0 |     59 |    219 |   1 |  568.0 |
               +--------+--------+--------+--------+--------+-----+--------+

Top non-repeatable levels by time:
    D:10: 1604 daAuts
  Lair:6: 1343 daAuts
   Orc:2: 1291 daAuts
     D:4: 1210 daAuts
  Lair:2: 1185 daAuts
  Lair:1: 1147 daAuts
     D:1: 1100 daAuts
     D:2: 1098 daAuts
  Lair:5: 1094 daAuts
     D:7: 1079 daAuts
     D:8: 1053 daAuts
  Lair:3: 1002 daAuts
     D:3: 983 daAuts
    D:11: 921 daAuts
     D:9: 854 daAuts
